 Seeded DCSS version 0.29.1-13-g9f3cf754e1 (webtiles) character file.

Game seed: 16245865983455551772 (custom seed)

4 OTABOTABOTAB the Conjurer (level 1, 11/11 HPs)
             Began as an Octopode Conjurer on Jan 24, 2023.
             Quit the game on level 1 of the Dungeon.
             The game lasted 00:01:03 (98 turns).

OTABOTABOTAB the Conjurer (Octopode Conjurer)         Turns: 98, Time: 00:01:03

Health: 11/11      AC:  1    Str:  6    XL:     1   Next: 60%
Magic:  3/3        EV: 11    Int: 20    God:
Gold:   830        SH:  8    Dex: 10    Spells: 3/4 levels left

rFire   + + .      SeeInvis .   a - +0 sling
rCold   + + .      Faith    .   d - +2 shield of Resistance {rF++ rC++ Will++}
rNeg    . . .      Spirit   .   (helmet restricted)
rPois   .          Reflect  .   (no amulet)
rElec   .          Harm     .   (no ring)
rCorr   .          Rampage  .   (no ring)
Will    ++...                   (no ring)
Stlth   +++.......              (no ring)
HPRegen 0.03/turn               (no ring)
MPRegen 0.08/turn               (no ring)
                                (no ring)
                                (no ring)

@: no status effects
A: almost no armour, amphibious, 8 rings, camouflage 1, gelatinous body 1,
(nimble swimmer 1), tentacles
a: no special abilities


You were on level 1 of the Dungeon.
You visited 1 branch of the dungeon, and saw 1 of its levels.

You collected 830 gold pieces.

Inventory:

Hand Weapons
 a - a +0 sling (weapon)
   (You found it on level 1 of the Dungeon)
Armour
 d - the +2 shield of Resistance (worn) {rF++ rC++ Will++}
   (You acquired it on level 1 of the Dungeon)

   rF:        It greatly protects you from fire.
   rC:        It greatly protects you from cold.
   Will:      It greatly increases your willpower.
Magical Staves
 c - a staff of conjuration
   (You acquired it on level 1 of the Dungeon)
Potions
 M - a potion of magic


   Skills:
 + Level 2.1 Dodging
 + Level 2.8 Stealth
 + Level 2.0 Spellcasting
 + Level 4.0 Conjurations


You had 3 spell levels left.
You knew the following spells:

 Your Spells              Type           Power      Damage    Failure   Level
a - Magic Dart            Conj           72%        1d6       11%         1

Your spell library contained the following spells:

 Spells                   Type           Power      Damage    Failure   Level
 Searing Ray              Conj           36%        2d5       17%         2
 Dazzling Flash           Conj/Hex       20%        N/A       58%         3
 Fulminant Prism          Conj/Hex       5%         3d7       94%         4
 Iskenderun's Mystic Bla  Conj/Tloc      10%        2d4       94%         4


Dungeon Overview and Level Annotations

Branches:
Dungeon (1/15)

Altars:


Innate Abilities, Weirdness & Mutations

You cannot wear most types of armour.
You are amphibious.
You can wear up to eight rings at the same time.
Your skin changes colour to match your surroundings (Stealth+).
Your rubbery body absorbs attacks. (AC +1, EV +1)
((You are camouflaged when in or above water. (Stealth+)))
You have tentacles for arms and can constrict up to eight enemies at once.


Message History

Bad channel name for runrest: 'Jiyva says: Divide and consume' Welcome, OTABOTABOTAB the Octopode Conjurer.
Game seed: 16245865983455551772 (custom seed)
Found a sling.
Found a staircase leading out of the dungeon.
a - a +0 sling
a - a +0 sling (weapon)
Found an escape hatch in the floor.
Found an escape hatch in the floor.
You see here a +0 dagger.
A goblin comes into view. It is wielding a +0 dagger.
You shoot a sling bullet. The sling bullet hits the goblin.
A quokka comes into view.
You shoot a sling bullet. The sling bullet hits the quokka.
You shoot a sling bullet. The sling bullet misses the quokka.
The sling bullet hits the goblin.
You kill the goblin!
You shoot a sling bullet.
The sling bullet barely misses the quokka.
The quokka bites you.
You take 1 damage, and have 10/11 hp.
You shoot a sling bullet.
The sling bullet barely misses the quokka.
The quokka barely misses you. The quokka closely misses you.
Aim: a quokka (lightly wounded, 100% to hit)
The magic dart hits the quokka.
You kill the quokka!
You now have 2/3 mp.
An endoplasm comes into view.
Health restored: 11; MP restored: 3 You shoot a sling bullet.
The sling bullet hits the endoplasm but does no damage.
The endoplasm quivers.
You shoot a sling bullet.
The sling bullet hits the endoplasm but does no damage.
You shoot a sling bullet.
The sling bullet hits the endoplasm but does no damage.
Fire: a) +0 sling
Aim: an endoplasm (83% to hit)
You shoot a sling bullet. The sling bullet hits the endoplasm.
Fire: a) +0 sling
Aim: an endoplasm (almost dead, 83% to hit)
You shoot a sling bullet. The sling bullet hits the endoplasm.
You kill the endoplasm!
b - 3 scrolls labelled WAC GOIFOFITOUPLEC This is a scroll of acquirement!
Something appears before you!
c - a staff of conjuration Something appears before you!
d - the +2 shield of Resistance {rF++ rC++ Will++} You start putting on your armour.
You continue putting on the +2 shield of Resistance {rF++ rC++ Will++}. x4
You finish putting on the +2 shield of Resistance {rF++ rC++ Will++}.
Something appears before you!
You now have 830 gold pieces.
Unknown command.

# .# #.#
######..###
#.@........
.......#..#.....
#.##...#..# ...
#...###.## #
#... #..# ...#
#..# ##.## ....
#..#.. #..#
....#
#.##...##.##
....# #....
#..#.....#


There were no monsters in sight!

Vanquished Creatures
  An endoplasm (D:1)
  A goblin (D:1)
  A quokka (D:1)
3 creatures vanquished.

Notes
Turn   | Place    | Note
-------+----------+-------------------------------------------
     0 | D:1      | OTABOTABOTAB the Octopode Conjurer began the quest for the
                  | Orb.
     0 | D:1      | Reached XP level 1. HP: 11/11 MP: 3/3
    87 | D:1      | Identified 3 scrolls of acquirement
    87 | D:1      | Acquired a staff of conjuration
    89 | D:1      | Trevise: How do you make a spell tab
    89 | D:1      | Acquired the +2 shield of Resistance {rF++ rC++ Will++}
    89 | D:1      | Found the +2 shield of Resistance {rF++ rC++ Will++}
    96 | D:1      | Acquired 830 gold pieces
    98 | D:1      | Quit the game

Illustrated notes

Levels and vault maps discovered:
D:1:      minmay_arrival_hallway, layout_loops_corners, basic_ecumenical_altar,
          minmay_unequal

Action                   || total
-------------------------++-------
 Fire: Sling             ||    10
 Cast: Magic Dart        ||     1
  Use: Scroll            ||     3
Dodge: Dodged            ||     2

Table legend: (Time is in decaauts)
 A = Elapsed time spent in this place.
 B = Non-inter-level travel time spent in this place.
 C = Inter-level travel time spent in this place.
 D = Time resting spent in this place.
 E = Time spent auto-exploring this place.
 F = Levels seen in this place.
 G = Mean time per level.
                   A        B        C        D        E       F      G
               +--------+--------+--------+--------+--------+-----+--------+
         Total |    101 |    101 |      0 |      0 |     69 |   1 |  101.0 |
       Dungeon |    101 |    101 |      0 |      0 |     69 |   1 |  101.0 |
               +--------+--------+--------+--------+--------+-----+--------+

Top non-repeatable levels by time:
     D:1: 101 daAuts

Table legend:
 A = Kills in this place as a percentage of kills in entire the game.
 B = Kills by you in this place as a percentage of kills by you in the entire game.
 C = Kills by friends in this place as a percentage of kills by friends in the entire game.
 D = Other kills in this place as a percentage of other kills in the entire game.
 E = Experience gained in this place as a percentage of experience gained in the entire game.
 F = Experience gained in this place divided by the number of levels of this place that you have seen.
                   A       B       C       D       E      F
               +-------+-------+-------+-------+-------+----------------------
         Total | 100.0 | 100.0 |   N/A |   N/A | 100.0 |   6.0
       Dungeon | 100.0 | 100.0 |   N/A |   N/A | 100.0 |   6.0
               +-------+-------+-------+-------+-------+----------------------
